 Dungeon Crawl Stone Soup version 0.26.0-10-g1f06aea511 (webtiles) character file.

Game seed: 7011665001586141213

301 tsouns the Skirmisher (level 6, -4/40 HPs)
             Began as a Tengu Earth Elementalist on Jan 21, 2021.
             Slain by an orc priest
             ... wielding a +0 flail
              (8 damage)
             ... on level 4 of the Dungeon.
             The game lasted 00:08:34 (3927 turns).

tsouns the Skirmisher (Tengu Earth Elementalist)    Turns: 3927, Time: 00:08:35

Health: -4/40      AC:  6    Str: 10    XL:     6   Next: 37%
Magic:  10/10      EV: 15    Int: 16    God:
Gold:   140        SH:  0    Dex: 14    Spells: 8/9 levels left

rFire    . . .     SeeInvis .   r - +1 dagger (drain)
rCold    . . .     Faith    .   (no shield)
rNeg     . . .     Spirit   .   c - +1 robe
rPois    .         Reflect  .   j - +2 hat
rElec    .         Harm     .   w - +0 cloak (curse)
rCorr    +         Rampage  .   (no gloves)
Will     +....                  (boots unavailable)
Stlth    ++........             s - amulet of inaccuracy (curse)
HPRegen  0.13/turn              f - ring of willpower
MPRegen  0.12/turn              q - ring of resist corrosion

@: flying quickly and evasively, quick
A: beak, talons 3, able to fly
a: Stop Flying


You were on level 4 of the Dungeon.
You visited 1 branch of the dungeon, and saw 4 of its levels.
You also visited: Sewer.

You collected 140 gold pieces.

Inventory:

Hand Weapons
 a - a +0 falchion
 d - a +0 dagger
 e - a +0 morningstar
 i - a +0 short sword
 r - a +1 dagger of draining (weapon)
 v - a +3 mace of draining
Missiles
 b - 103 stones
 p - 7 datura-tipped darts
Armour
 c - a +1 robe (worn)
 g - a +0 kite shield
 h - a +0 plate armour
 j - a +2 hat (worn)
 w - a cursed +0 cloak (worn)
Jewellery
 f - a ring of willpower (left hand)
 k - an uncursed ring of fire
 q - a ring of resist corrosion (right hand)
 s - a cursed amulet of inaccuracy (around neck)
 y - a +4 ring of protection {unknown}
Wands
 o - a wand of acid (6)
Scrolls
 l - 3 scrolls of blinking
 n - a scroll of fog
 t - 2 scrolls of fear
 z - a scroll of enchant armour
 C - a scroll of teleportation
 D - a scroll of identify
Potions
 m - 2 potions of resistance
 u - a potion of heal wounds
 x - a potion of berserk rage {unknown}
 A - a potion of cancellation {unknown}
 B - a potion of might {unknown}


   Skills:
 + Level 5.2 Fighting
 + Level 3.1 Long Blades
 - Level 2.1 Dodging
 - Level 2.0 Stealth
 - Level 2.0 Spellcasting
 - Level 0.7 Transmutations
 - Level 2.1 Earth Magic


You had 8 spell levels left.
You knew the following spells:

 Your Spells              Type           Power        Failure   Level
a - Sandblast             Erth           16%          9%          1

Your spell library contained the following spells:

 Spells                   Type           Power        Failure   Level
 Passwall                 Tmut/Erth      5%           17%         2
 Stone Arrow              Conj/Erth      10%          36%         3
 Petrify                  Tmut/Erth      6%           75%         4
 Lee's Rapid Deconstruct  Erth           4%           93%         5


Dungeon Overview and Level Annotations

Branches:
Dungeon (4/15)              Sewer (visited)
 Temple: D:4-7

Altars:


Innate Abilities, Weirdness & Mutations

You have a beak for a mouth.
You have claws for feet.
You can fly continuously.


Message History

The orc priest closely misses you.
You hit the orc priest but do no damage.
You drain the orc priest. You claw the orc priest.
The orc priest is heavily wounded.
You completely miss the orc priest.
The orc priest is heavily wounded.
The orc priest calls down the wrath of Beogh upon you.
Beogh smites you!
* * * LOW HITPOINT WARNING * * *
You hit the orc priest but do no damage.
You drain the orc priest.
You claw the orc priest, but do no damage.
Your peck misses the orc priest.
The orc priest is severely wounded.
The orc priest hits you but does no damage.
You hit the orc priest but do no damage.
You drain the orc priest. Your kick misses the orc priest.
The orc priest is almost dead.
The orc priest hits you with a +0 flail!
You die...

#..............#
#..######.######
#..# #.#
######..# #.#
........# #.#
#######.# #..
#......# ###
#.#.###.#
##@...#
####.#o#####
........)o#
.......##)#
####### ... ####


You could see an orc priest (drained).

Vanquished Creatures
  Purgy (Sewer)
  Terence (D:2)
  9 adders
  2 oozes
  A worm (D:3)
  4 leopard geckos
  6 orcs
  5 ball pythons
  7 bats
  6 giant cockroaches
  6 goblins
  8 hobgoblins
  2 jackals (D:2)
  14 kobolds
  2 quokkas (D:3)
  8 frilled lizards
  6 rats
88 creatures vanquished.

Vanquished Creatures (collateral kills)
  A giant cockroach (D:2)
1 creature vanquished.

Grand Total: 89 creatures vanquished

Notes
Turn   | Place    | Note
-------+----------+-------------------------------------------
     0 | D:1      | tsouns the Tengu Earth Elementalist began the quest for the
                  | Orb.
     0 | D:1      | Reached XP level 1. HP: 10/10 MP: 4/4
    88 | D:1      | Reached skill level 1 in Fighting
   172 | D:1      | Reached XP level 2. HP: 5/16 MP: 1/6
   484 | D:1      | Reached skill level 2 in Fighting
  1021 | D:2      | Reached XP level 3. HP: 22/22 MP: 4/7
  1149 | D:2      | Reached skill level 3 in Fighting
  1415 | D:2      | Reached XP level 4. HP: 20/28 MP: 1/8
  1912 | D:2      | Noticed Terence
  1967 | D:2      | Killed Terence
  1968 | D:2      | Reached skill level 4 in Fighting
  2255 | D:3      | Gained mutation: You can fly continuously. [Tengu growth]
  2255 | D:3      | Reached XP level 5. HP: 24/34 MP: 3/9
  2395 | D:3      | Found a glowing drain.
  2408 | Sewer    | Entered a sewer
  2444 | Sewer    | Reached skill level 1 in Long Blades
  2465 | Sewer    | Noticed Purgy
  2484 | Sewer    | Killed Purgy
  2485 | Sewer    | Reached XP level 6. HP: 21/40 MP: 5/10
  2668 | Sewer    | Reached skill level 5 in Fighting
  2899 | D:3      | Noticed Ijyb
  2927 | D:3      | Noticed Ijyb
  2927 | D:3      | Ijyb changed into Ijyb the worm
  2930 | D:3      | Killed Ijyb the worm
  3539 | D:3      | Found a runed translucent door.
  3540 | D:3      | Noticed Crazy Yiuf
  3565 | D:3      | Noticed Crazy Yiuf
  3565 | D:3      | Crazy Yiuf changed into Crazy Yiuf the jelly
  3587 | D:3      | Noticed Crazy Yiuf
  3587 | D:3      | Crazy Yiuf the jelly changed into Crazy Yiuf the adder
  3594 | D:3      | Killed Crazy Yiuf the adder
  3927 | D:4      | Slain by an orc priest

Illustrated notes

Levels and vault maps discovered:
D:1:      scummos_arrival_simple_crosswalls, layout_rooms, chequers_arboretum
D:2:      layout_loops_ring, minmay_pentomino_w4, uniq_terence
D:3:      layout_rooms, cheibrodos_sewer_entry_drain, uniq_ijyb,
          uniq_crazy_yiuf_cottage
D:4:      layout_loops_ring, hellmonk_ghost_happy_afterlife,
          minmay_misc_feat_roman, kennysheep_doodads

Skill      XL: |  1  2  3  4  5  6 |
---------------+-------------------+-----
Fighting       | 1 2 3 4 5 |  5.2
Long Blades    | 2 3 |  3.1
Dodging        | |  2.1
Stealth        | |  2.0
Spellcasting   | |  2.0
Transmutations | |  0.7
Earth Magic    | |  2.1

Action                   |  1- 3 |  4- 6 || total
-------------------------+-------+-------++-------
Melee: Dagger            |     7 |   157 ||   164
       Kick              |     6 |    28 ||    34
       Short sword       |    14 |    11 ||    25
       Peck              |       |    19 ||    19
Throw: Dart              |       |     1 ||     1
 Cast: Sandblast         |    44 |    17 ||    61
 Abil: Fly               |       |     1 ||     1
Evoke: Wand              |       |     7 ||     7
  Use: Scroll            |       |    11 ||    11
       Potion            |       |     3 ||     3
 Stab: Sleeping          |     5 |       ||     5
       Distracted        |       |     1 ||     1
Armor: Robe              |    11 |    39 ||    50
Dodge: Dodged            |    28 |   127 ||   155
